 Dungeon Crawl Stone Soup version 0.25.1-9-gc5326a611f (webtiles) character file.

Game seed: 13360707513116150140

18 AlexTheUnready the Charmwright (level 2, 0/22 HPs)
             Began as a Merfolk Skald on Sept 18, 2021.
             Slain by a worm (8 damage)
             ... on level 1 of the Dungeon.
             The game lasted 00:01:33 (1002 turns).

AlexTheUnready the Charmwright (Merfolk Skald)      Turns: 1002, Time: 00:01:34

Health: 0/22       AC:  3    Str: 11    XL:     2   Next: 70%
Magic:  3/5        EV: 15    Int: 12    God:
Gold:   22         SH:  0    Dex: 13    Spells: 0/5 levels left

rFire    . . .     SeeInvis .   a - +0 spear
rCold    . . .     Gourm    .   (no shield)
rNeg     . . .     Faith    .   b - +0 leather armour
rPois    .         Spirit   .   (no helmet)
rElec    .         Reflect  .   (no cloak)
rCorr    .         Harm     .   (no gloves)
MR       .....                  (boots currently unavailable)
Stlth    ++........             (no amulet)
HPRegen  0.07/turn              (no ring)
MPRegen  0.09/turn              (no ring)

@: very quick
A: change form in water, swift swim, stealthy swim
a: no special abilities


You were on level 1 of the Dungeon.
You were hungry.

You visited 1 branch of the dungeon, and saw 2 of its levels.

You collected 22 gold pieces.

Inventory:

Hand Weapons
 a - a +0 spear (weapon)
Armour
 b - a +0 leather armour (worn)
Scrolls
 c - 5 scrolls of enchant weapon {unknown}
 f - a scroll of enchant armour {unknown}
 g - a scroll of remove curse {unknown}
 i - a scroll of teleportation {unknown}
 j - a scroll of noise {unknown}
Potions
 e - a potion of curing {unknown}
Comestibles
 d - 2 rations
 h - 2 chunks of flesh


   Skills:
 + Level 2.2 Fighting
 * Level 3.5 Polearms
 + Level 0.6 Armour
 + Level 3.0 Dodging
 + Level 2.1 Spellcasting
 + Level 3.6 Charms


You couldn't memorise any spells.
You knew the following spells:

 Your Spells              Type           Power        Failure   Level  Hunger
a - Infusion              Chrm           ##..         8%          1    ##.....
b - Song of Slaying       Chrm           ##......     12%         2    ###....
c - Shroud of Golubria    Chrm/Tloc      #.....       26%         2    ###....

Your spell library contained the following spells:

 Spells                   Type           Power        Failure   Level  Hunger
 Ozocubu's Armour         Chrm/Ice       #.......     45%         3    ####...
 Spectral Weapon          Hex/Chrm       #.......     45%         3    ####...


Dungeon Overview and Level Annotations

Branches:
Dungeon (2/15)

Altars:


Message History

There is an open door here.
Your legs become a tail as you enter the water.
You are feeling hungry.
You hit the worm. You tail-slap the worm.
The worm is heavily wounded.
The worm barely misses you.
You barely miss the worm.
The worm is heavily wounded.
You hit the worm.
The worm is heavily wounded.
The worm bites you but does no damage.
You barely miss the worm.
The worm is heavily wounded.
You hit the worm.
The worm is severely wounded.
The worm closely misses you.
You hit the worm.
The worm is almost dead.
The worm bites you!
You die...

# ######### # #.......#####
########## #.##.........
.........#
#######.##.##.####.
.....>...#
#≈≈≈≈##.##.........
.........#
###≈≈≈≈##.##.##.#####
........(####.'w@≈≈'..##.##.#
.........(((..#≈≈≈≈#........#
>........######≈≈≈≈#.###.####
)........# ######.# #.##
.........###### #..# #..#
..............# #..#
##.#######
#.#######.....#####..#
#........ #.#
#.............####..##....
#.#
#......####.....(.........


You could see a worm.

Vanquished Creatures
  A leopard gecko (D:1)
  A giant cockroach (D:1)
  4 jackals (D:1)
  4 kobolds (D:1)
  3 bats (D:1)
  2 frilled lizards (D:1)
  3 rats (D:1)
18 creatures vanquished.

Notes
Turn   | Place    | Note
-------+----------+-------------------------------------------
     0 | D:1      | AlexTheUnready the Merfolk Skald began the quest for the
                  | Orb.
     0 | D:1      | Reached XP level 1. HP: 16/16 MP: 3/3
   265 | D:1      | Reached XP level 2. HP: 15/22 MP: 5/5
   288 | D:1      | Learned a level 2 spell: Song of Slaying
   291 | D:1      | Learned a level 2 spell: Shroud of Golubria
  1002 | D:1      | Slain by a worm

Illustrated notes

Levels and vault maps discovered:
D:1:      dpeg_arrival_snail, layout_loops_ring,
          corexii_item_surrounded_by_moat, chequers_serial_rivers_room_b
D:2:      layout_basic, trog_book

Skill      XL: |  1 |
---------------+----+-----
Dodging        | 3 |  3.0
Fighting       | |  2.2
Polearms       | |  3.5
Armour         | |  0.6
Spellcasting   | |  2.1
Charms         | |  3.6

Action                   || total
-------------------------++-------
Melee: Spear             ||    82
       Tailslap          ||     1
 Cast: Infusion          ||     3
       Shroud of Golubri ||     1
       Song of Slaying   ||     1
 Stab: Distracted        ||     1
Armor: Leather armour    ||    17
Dodge: Dodged            ||    63
